 Dungeon Crawl Stone Soup version 0.28.0-53-g5a82cb258f (webtiles) character file.

Game seed: 16407001632187541267

60046 DoubleLucky the Grappler (level 14, 0/111 (149) HPs)
             Began as a Troll Fighter on July 17, 2022.
             Was a High Priest of Makhleb.
             Slain by an eight-headed hydra (6 damage)
             ... on level 4 of the Lair of Beasts.
             The game lasted 01:54:13 (19677 turns).

DoubleLucky the Grappler (Troll Fighter)           Turns: 19677, Time: 01:54:14

HP:   0/111 (149)   AC: 21    Str: 29    XL:     14   Next: 55%
MP:   18/18         EV:  3    Int:  6    God:    Makhleb [*****.]
Gold: 1774          SH: 10    Dex:  9    Spells: 13/13 levels left

rFire   . . .      SeeInvis .     - Unarmed
rCold   + + .      Faith    .   b - +0 kite shield
rNeg    . . .      Spirit   .   t - +0 gold dragon scales
rPois   +          Reflect  .   (helmet restricted)
rElec   .          Harm     .   Z - +2 cloak
rCorr   .          Rampage  .   (gloves unavailable)
Will    +....                   (boots unavailable)
Stlth   ..........              (no amulet)
HPRegen 1.08/turn               x - +4 ring of protection
MPRegen 0.16/turn               y - ring of ice

@: studying Hexes, very heavily drained
A: large, unfitting armour, claws 3, regeneration 1, shaggy fur 1, tough skin 1
a: Renounce Religion, Minor Destruction, Lesser Servant of Makhleb, Major
Destruction, Greater Servant of Makhleb


You were on level 4 of the Lair of Beasts.
You worshipped Makhleb.
Makhleb was extremely pleased with you.
You visited 4 branches of the dungeon, and saw 21 of its levels.
You also visited: Sewer and Ice Cave.

You collected 2046 gold pieces.
You spent 272 gold pieces at shops.

Inventory:

Hand Weapons
 f - the +10 flail of Glory {drain, Str+4}
   (You found it on level 15 of the Dungeon)

   A truly terrible weapon, it drains the life of any living foe it strikes.
   Str:       It affects your strength (+4).
 k - a +2 whip of electrocution
 U - the +5 trident of Red Overwhelming Force {vorpal, Will+ MP+9 SInv}
   (You found it on level 1 of the Lair of Beasts)

   It inflicts extra damage upon your enemies.
   MP:        It affects your magic capacity (+9).
   SInv:      It lets you see invisible.
   Will:      It increases your willpower.
Missiles
 h - 32 poisoned darts
 i - 12 javelins
 o - 5 curare-tipped darts
 q - 156 stones
 J - 11 large rocks (quivered)
 M - a throwing net
 Y - 3 boomerangs
Armour
 b - a +0 kite shield (worn)
 n - a +0 troll leather armour
 p - a +2 robe of resistance
 t - +0 gold dragon scales (worn)
 Z - a +2 cloak (worn)
Jewellery
 g - a ring of flight
 x - a +4 ring of protection (left claw)
 y - a ring of ice (right claw)
 Q - a +4 ring of evasion
 V - a ring of positive energy
Wands
 G - a wand of digging (6)
 I - a wand of mindburst (15)
 O - a wand of acid (15)
 T - a wand of iceblast (8)
Scrolls
 e - 3 scrolls of fog
 j - a scroll of torment {unknown}
 m - 3 scrolls of magic mapping
 r - a scroll of summoning
 u - 4 scrolls of teleportation
 v - a scroll of silence
 w - 4 scrolls of immolation
 A - a scroll of acquirement {unknown}
 B - 2 scrolls of fear
 F - 2 scrolls of holy word {unknown}
 K - 3 scrolls of enchant weapon {unknown}
 P - 2 scrolls of brand weapon {unknown}
 S - 3 scrolls of enchant armour
Potions
 a - a potion of resistance
 c - 2 potions of berserk rage {unknown}
 d - 3 potions of haste {unknown}
 l - 3 potions of curing
 s - 3 potions of brilliance {unknown}
 E - 4 potions of might
 H - 2 potions of magic {unknown}
 L - 2 potions of ambrosia {unknown}
 N - 3 potions of degeneration {unknown}
Miscellaneous
 z - a phantom mirror


   Skills:
 + Level 12.0 Fighting
 - Level 2.0 Throwing
 + Level 9.6 Dodging
 + Level 9.7 Shields
 + Level 13.8 Unarmed Combat
 + Level 7.4 Invocations


You had 13 spell levels left.
You didn't know any spells.
Your spell library contained the following spells:

 Spells                   Type           Power      Damage    Failure   Level
 Freeze                   Ice            0%         1d3       100%        1
 Blink                    Tloc           0%         N/A       100%        2
 Corpse Rot               Necr/Air       0%         N/A       100%        2
 Ensorcelled Hibernation  Hex/Ice        0%         N/A       100%        2
 Passwall                 Tmut/Erth      0%         N/A       100%        2
 Frozen Ramparts          Ice            0%         1d2       100%        3
 Gell's Gravitas          Tloc           0%         N/A       100%        3
 Inner Flame              Hex/Fire       0%         N/A       100%        3
 Lesser Beckoning         Tloc           0%         N/A       100%        3
 Swiftness                Air            0%         N/A       100%        3
 Teleport Other           Tloc           0%         N/A       100%        3
 Tukima's Dance           Hex            0%         N/A       100%        3
 Anguish                  Hex/Necr       0%         N/A       100%        4
 Cause Fear               Hex            0%         N/A       100%        4
 Dispel Undead            Necr           0%         3d6       100%        4
 Fulminant Prism          Conj/Hex       0%         3d6       100%        4
 Hailstorm                Conj/Ice       0%         3d3       100%        4
 Ice Form                 Ice/Tmut       0%         N/A       100%        4
 Passage of Golubria      Tloc           0%         N/A       100%        4
 Alistair's Intoxication  Tmut/Pois      0%         N/A       100%        5
 Borgnjor's Vile Clutch   Necr/Erth      0%         N/A       100%        5
 Manifold Assault         Tloc           0%         N/A       100%        5
 Summon Forest            Summ/Tloc      0%         N/A       100%        5
 Yara's Violent Unravell  Hex/Tmut       0%         3d3       100%        5
 Death Channel            Necr           0%         N/A       100%        6
 Dispersal                Tloc           0%         N/A       100%        6
 Eringya's Noxious Bog    Tmut/Pois      0%         N/A       100%        6
 Simulacrum               Ice/Necr       0%         N/A       100%        6
 Malign Gateway           Summ/Tloc      0%         N/A       100%        7
 Summon Hydra             Summ           0%         N/A       100%        7
 Discord                  Hex            0%         N/A       100%        8
 Disjunction              Tloc           0%         N/A       100%        8
 Summon Horrible Things   Summ           0%         N/A       100%        8
 Fire Storm               Conj/Fire      0%         5d1       100%        9


Dungeon Overview and Level Annotations

Branches:
Dungeon (15/15)            Temple (1/1) D:7            Lair (4/6) D:10
  Swamp (0/4) Lair:2       Spider (0/4) Lair:4          Orc (1/2) D:12
 Vaults (0/5) D:13         Depths (0/4) D:15          Sewer (visited)
  IceCv (visited)

Altars:
Ashenzari
Dithmenos
Fedhas
Gozag
Hepliaklqana
Kikubaaqudgha
Makhleb
Nemelex Xobeh
Okawaru
Qazlal
Ru
Sif Muna
Trog
Uskayaw
Wu Jian
Xom
Yredelemnul
Zin
The Shining One

Shops:
D:11 !   D:13 (   D:14 ?

Annotations:
D:7 1 runed translucent door, DildoBatman's ghost, amateur FoCj
D:8 exclusion: 2 downstairs
D:9 Erolcha
D:11 2 transporters
D:13 3 runed translucent doors, Flure's ghost, journeyman KoBr
D:15 3 exclusions


Innate Abilities, Weirdness & Mutations

You are too large for most types of armour.
You have claws for hands.
Your natural rate of healing is unusually fast.
You are covered in fur. (AC +1)
You have tough skin. (AC +1)


Message History

The eight-headed hydra bites you but does no damage.
The eight-headed hydra bites you.
The eight-headed hydra bites you but does no damage. x2
The eight-headed hydra bites you. x2
You block the eight-headed hydra's attack.
The eight-headed hydra barely misses you.
The eight-headed hydra bites you but does no damage.
You block the eight-headed hydra's attack.
The eight-headed hydra bites you but does no damage. x2
The eight-headed hydra bites you.
The eight-headed hydra bites you but does no damage.
You block the eight-headed hydra's attack.
You barely miss the eight-headed hydra.
The eight-headed hydra is almost dead.
The eight-headed hydra bites you but does no damage.
The eight-headed hydra bites you. x2
You block the eight-headed hydra's attack. x2
The eight-headed hydra bites you but does no damage.
The eight-headed hydra bites you. x2
Throw: 12 large rocks
Press: ? - help, Q - select action, (/) - cycle Shift-Dir - straight line, f/p - eight-headed hydra
Aim: an eight-headed hydra (almost dead, 80% to hit)
You throw a large rock.
The large rock completely misses the eight-headed hydra.
A killer bee comes into view.
The eight-headed hydra bites you!
You block the eight-headed hydra's attack. x2
The eight-headed hydra bites you but does no damage. x2
The eight-headed hydra bites you!
* * * LOW HITPOINT WARNING * * *
The eight-headed hydra bites you.
* * * LOW HITPOINT WARNING * * *
You block the eight-headed hydra's attack.
The eight-headed hydra bites you.
* * * LOW HITPOINT WARNING * * *
The eight-headed hydra bites you but does no damage.
The eight-headed hydra bites you!
* * * LOW HITPOINT WARNING * * *
The eight-headed hydra bites you.
You die...

#.PP.<†......P. ##..##
###.?........... ..## #....#
#........#...# ....# ###...##
#..(...####..###...# #.......
##...3(##.....#...# ##.....#
#...(..#....#....# #.......
#####.#....y..>......# #...#....
#).#####..(.((......## #....#...
....## #..##(.(D@##..###....###..
.....###...##..(#.....##.....###.
=.....##....#...#.....P.#.....###
.............(................#
......D###...#.#..#....P.#...####
........##..###..####....#..###..
......y###.###...###.#.....###...
.....D## #........###.#.....#....
......## ##.#...### ###.........)


You could see an eight-headed hydra and a killer bee (wandering).

Vanquished Creatures
  The ghost of jaiteiro the Thaumaturge, a journeyman GnCj of Vehumet (D:14)
  A caustic shrike zombie (D:14)
  Josephine (D:15)
  An ettin (D:14)
  2 ice dragons (D:15)
  2 hydras
  2 boulder beetles
  A death knight (D:13)
  2 ironbound frosthearts (IceCv)
  3 centaur warriors
  2 two-headed ogres
  8 death yaks
  Urug (D:12)
  An iron troll (D:13)
  A skeletal warrior (D:13)
  A wizard (D:14)
  Pikel (D:7)
  A fire giant zombie (D:14)
  A deep elf pyromancer (D:13)
  5 ugly things (D:15)
  A wolf spider (D:15)
  4 manticores
  4 cyclopes
  Joseph (D:7)
  2 black mambas
  An ice statue (IceCv)
  A gargoyle (D:14)
  2 kobold demonologists (D:11)
  2 unseen horrors
  6 komodo dragons
  A rime drake (Lair:4)
  2 tengu conjurers (D:14)
  An efreet (D:13)
  4 cane toads
  3 trolls
  A meliai (Lair:4)
  6 polar bears
  Prince Ribbit (D:6)
  A blink frog (Lair:4)
  10 slime creatures
  A frost giant simulacrum (D:14)
  Sigmund (D:3)
  A vampire (D:11)
  A water elemental (D:10)
  Eustachio (D:4)
  7 wyverns
  An air elemental (D:10)
  4 shadows
  9 wraiths
  46 yaks
  3 basilisks
  A fire elemental (D:10)
  14 vampire mosquitoes
  Duvessa (D:4)
  13 water moccasins
  5 orc warriors
  A sky beast (D:6)
  A black bear (D:5)
  2 necrophages
  6 ogres
  27 wolves
  2 centaurs
  4 lemures (D:7)
  2 phantoms
  9 kobold brigands
  An earth elemental (D:10)
  13 bullfrogs
  2 gnoll sergeants
  6 scorpions
  A water moccasin zombie (D:6)
  Dowan (D:4)
  A water moccasin skeleton (D:6)
  6 killer bees
  7 howler monkeys
  A hound (D:4)
  3 centaur zombies
  2 centaur skeletons
  3 orc priests (D:8)
  5 iguanas
  10 orc wizards
  A hound skeleton (D:5)
  6 adders
  14 gnolls
  4 river rats
  A howler monkey skeleton (D:7)
  3 shadow imps
  14 white imps
  An ufetubus (D:5)
  An adder skeleton (D:4)
  6 worms
  33 orcs
  12 ball pythons
  6 endoplasms
  8 giant cockroaches
  8 goblins
  6 hobgoblins
  4 quokkas
  2 bats
  A frilled lizard (D:3)
  28 kobolds
  6 rats
482 creatures vanquished.

Vanquished Creatures (collateral kills)
  Jorgrun (D:12)
  A spectral caustic shrike (D:14)
  A hydra (Lair:4)
3 creatures vanquished.

Vanquished Creatures (others)
  12 fungi
  23 plants
35 creatures vanquished.

Grand Total: 520 creatures vanquished

Notes
Turn   | Place    | Note
-------+----------+-------------------------------------------
     0 | D:1      | DoubleLucky the Troll Fighter began the quest for the Orb.
     0 | D:1      | Reached XP level 1. HP: 22/22 MP: 0/0
   223 | D:1      | You fall into a shaft and drop 1 floor!
   245 | D:2      | Reached skill level 3 in Unarmed Combat
   245 | D:2      | Reached XP level 2. HP: 29/29 MP: 1/1
   354 | D:2      | Found a faded altar of an unknown god.
   369 | D:2      | Reached XP level 3. HP: 36/36 MP: 2/2
   475 | D:2      | Reached skill level 4 in Unarmed Combat
   958 | D:3      | Reached XP level 4. HP: 44/44 MP: 3/3
  1001 | D:3      | Found a glowing drain.
  1008 | Sewer    | Entered a sewer
  1035 | Sewer    | Noticed a kobold brigand
  1058 | Sewer    | Killed a kobold brigand
  1059 | Sewer    | Reached skill level 5 in Unarmed Combat
  1059 | Sewer    | Reached XP level 5. HP: 39/50 MP: 4/4
  1245 | Sewer    | Reached skill level 6 in Unarmed Combat
  1280 | Sewer    | Reached XP level 6. HP: 33/61 MP: 5/5
  1570 | Sewer    | Reached skill level 1 in Throwing
  1924 | D:3      | Noticed Sigmund
  1929 | D:3      | Killed Sigmund
  1930 | D:3      | Reached XP level 7. HP: 46/71 MP: 6/6
  2561 | D:4      | Noticed Eustachio
  2580 | D:4      | Killed Eustachio
  2722 | D:4      | Reached skill level 5 in Fighting
  2799 | D:4      | Noticed Duvessa
  2801 | D:4      | Noticed Dowan
  2814 | D:4      | Killed Duvessa
  2815 | D:4      | Reached XP level 8. HP: 59/80 MP: 7/7
  3132 | D:4      | Killed Dowan
  3370 | D:5      | Entered Level 5 of the Dungeon
  4024 | D:5      | Noticed a troll
  4039 | D:5      | Killed a troll
  4053 | D:5      | Reached XP level 9. HP: 89/89 MP: 8/8
  4072 | D:5      | Found a shimmering altar of Xom.
  4235 | D:5      | Found a broken altar of Ashenzari.
  4595 | D:6      | Reached skill level 5 in Shields
  4649 | D:6      | Found a hide-covered altar of Uskayaw.
  4666 | D:6      | Reached skill level 5 in Dodging
  4716 | D:6      | Reached skill level 7 in Unarmed Combat
  4758 | D:6      | Noticed Prince Ribbit
  4782 | D:6      | Killed Prince Ribbit
  5179 | D:7      | Noticed a +1 rapier of chaos
  5180 | D:7      | Found a runed translucent door.
  5180 | D:7      | Found a shimmering altar of Xom.
  5180 | D:7      | Noticed DildoBatman's ghost (amateur FoCj)
  5383 | D:7      | Noticed Pikel
  5393 | D:7      | Reached XP level 10. HP: 102/102 MP: 9/9
  5401 | D:7      | Noticed Joseph
  5430 | D:7      | Killed Pikel
  5431 | D:7      | Reached skill level 8 in Unarmed Combat
  5439 | D:7      | Killed Joseph
  5548 | D:7      | Found a staircase to the Ecumenical Temple.
  5559 | Temple   | Entered the Ecumenical Temple
  5674 | Temple   | Became a worshipper of Makhleb the Destroyer
  6088 | D:7      | Identified the +1 long sword of Unreason {vorpal, *Rage
                  | Int+7}
  6436 | D:8      | Reached * piety under Makhleb
  7210 | D:9      | Noticed Erolcha
  7416 | D:10     | Entered Level 10 of the Dungeon
  7762 | D:10     | Found a glowing silver altar of Zin.
  7793 | D:10     | Reached skill level 9 in Unarmed Combat
  7888 | D:10     | Found a staircase to the Lair.
  7912 | D:10     | Reached ** piety under Makhleb
  7926 | D:10     | Found an ornate altar of the Wu Jian Council.
  7963 | D:10     | Reached XP level 11. HP: 111/111 MP: 10/10
  7979 | D:10     | Noticed a two-headed ogre
  8008 | D:10     | Killed a two-headed ogre
  8303 | D:10     | Found a large runed translucent door.
  8304 | D:10     | Found a large runed translucent door.
  8595 | D:10     | Paralysed by an air elemental for 1 turns
  8771 | D:11     | Found a transporter.
  8790 | D:11     | Found a transporter.
  8901 | D:11     | Noticed a sun demon
  8937 | D:11     | Noticed a sixfirhy
  9053 | Lair:1   | Entered Level 1 of the Lair of Beasts
  9266 | Lair:1   | Identified the +5 trident of Red Overwhelming Force
                  | {vorpal, Will+ MP+9 SInv}
  9282 | Lair:1   | Reached skill level 10 in Unarmed Combat
 10261 | Lair:2   | Found a staircase to the Swamp.
 10286 | Lair:2   | Reached *** piety under Makhleb
 10548 | Lair:3   | Reached XP level 12. HP: 123/123 MP: 11/11
 11434 | Lair:3   | Noticed a six-headed hydra
 11455 | Lair:3   | Killed a six-headed hydra
 11521 | Lair:3   | Noticed a death yak
 11521 | Lair:3   | Noticed a death yak
 11521 | Lair:3   | Noticed a death yak
 11550 | Lair:3   | Killed a death yak
 11561 | Lair:3   | Killed a death yak
 11562 | Lair:3   | Reached skill level 11 in Unarmed Combat
 11624 | Lair:3   | Killed a death yak
 12116 | Lair:4   | Identified the +2 hand crossbow of Fagepluu {venom, Drain
                  | Str+4}
 12287 | Lair:4   | Got Sif Muna's Handbook of Malediction and Flames
 12325 | Lair:4   | Noticed an eight-headed hydra
 12524 | Lair:4   | Found a hole to the Spider Nest.
 12583 | Lair:4   | Noticed an eight-headed hydra
 12944 | D:11     | Found Moggukus's Distillery.
 12949 | D:11     | Bought a potion of might for 64 gold pieces
 12949 | D:11     | Bought a potion of resistance for 160 gold pieces
 12949 | D:11     | Bought a potion of curing for 48 gold pieces
 13298 | D:11     | Reached skill level 10 in Fighting
 13302 | D:11     | Reached skill level 1 in Invocations
 13532 | D:12     | Noticed Jorgrun
 13532 | D:12     | Found a frozen archway.
 13613 | D:12     | Noticed Urug
 13641 | D:12     | Killed Jorgrun
 13765 | D:12     | Reached **** piety under Makhleb
 13814 | D:12     | Noticed a two-headed ogre
 13884 | D:11     | Killed a two-headed ogre
 13921 | IceCv    | Entered an ice cave
 13936 | IceCv    | Reached XP level 13. HP: 103/133 MP: 12/14
 14156 | IceCv    | Reached skill level 12 in Unarmed Combat
 14291 | IceCv    | Reached ***** piety under Makhleb
 14969 | IceCv    | Reached skill level 5 in Invocations
 15321 | D:12     | Killed Urug
 15359 | D:12     | Found a staircase to the Orcish Mines.
 15694 | Orc:1    | Entered Level 1 of the Orcish Mines
 15766 | D:13     | Found a runed translucent gate.
 15767 | D:13     | Found a runed translucent gate.
 15767 | D:13     | Found an opulent altar of Gozag.
 15768 | D:13     | Found a runed translucent gate.
 15772 | D:13     | Noticed Flure's ghost (journeyman KoBr)
 16034 | D:13     | Found Zulakk's Antique Weapon Emporium.
 16280 | D:13     | Noticed an ettin
 16329 | D:13     | Reached skill level 13 in Unarmed Combat
 16368 | D:13     | Found a gate to the Vaults.
 17078 | D:14     | Reached XP level 14. HP: 143/146 MP: 17/17
 17241 | D:14     | Found a runed translucent gate.
 17241 | D:14     | Found a runed translucent gate.
 17243 | D:14     | Found a runed translucent gate.
 17422 | D:14     | Noticed jaiteiro's ghost (journeyman GnCj)
 17437 | D:14     | Found Kyic's Magic Scroll Emporium.
 17749 | D:15     | Entered Level 15 of the Dungeon
 18390 | D:15     | Noticed Josephine
 18418 | D:15     | Killed Josephine
 18523 | D:15     | Identified the +10 flail of Glory {drain, Str+4}
 18834 | D:15     | Found a staircase to the Depths.
 18987 | D:14     | Killed jaiteiro's ghost
 19487 | Lair:4   | HP: 1/102 [meliai/divine providence (10)]
 19677 | Lair:4   | Slain by an eight-headed hydra

Illustrated notes

Levels and vault maps discovered:
D:1:      heliophobic_arrival_enchanted_forest, layout_basic, minmay_hexomino_c4
D:2:      layout_loops_ring, shapermc_ecumenical_altar_notcrosses
D:3:      layout_basic, gup_sewer_entry_spiral, st_stairs_14, uniq_sigmund
D:4:      minmay_opposing_rooms, layout_loops_ring, uniq_duvessa, uniq_eustachio
D:5:      layout_basic, mainiacjoe_overflow_alcove_1, xom_confusion_cloud
D:6:      layout_basic, mainiacjoe_overflow_alcove_4, uniq_prince_ribbit1
D:7:      minmay_angry_zag, layout_basic, minmay_temple_entry_junction_2,
          ebering_ghost_xom, uniq_pikel, uniq_joseph
D:8:      layout_loops_ring, nicolae_concentric_dashed_squares_wild,
          grunt_ministairs_7, hangedman_decor_diamond_cutter
D:9:      layout_cave_pools, serial_shops, nicolae_shop_bloodbath_and_beyond,
          uniq_erolcha
D:10:     layout_basic, general_overflow_altar, overflow_temple_1_default,
          david_lair_shrubbed, lightli_elemental_guards
D:11:     gammafunk_worm_tunnel, layout_long_grid, serial_shops,
          kennysheep_little_box
D:12:     layout_cave_pools, orc_0_dummy, portal_ice_cave_entry_imps, uniq_urug,
          uniq_jorgrun
D:13:     layout_loops_ring, david_vaults_4, serial_shops, shop,
          ebering_ghost_gozag, minmay_between
D:14:     layout_rooms, gammafunk_ghost_necromancy, serial_shops,
          nicolae_take_the_stairs, amcnicky_mini_pool_small
D:15:     grunt_enter_depths_hoard, layout_loops_corners, uniq_josephine
Temple:   minmay_crystal_spiral_temple
Lair:1:   layout_cave_shapes
Lair:2:   layout_chaotic_city, minmay_swamp_entry_swarm,
          chequers_serial_rivers_marsh
Lair:3:   layout_cave_pods, serial_bayou_shore_b, serial_bayou_shore_a
Lair:4:   regret_index_harrowing_hell_hive, layout_cave_pods,
          nicolae_spider_entry_non_spiders, minivault_19
Orc:1:    layout_caves, serial_shops, shop, basic_altar

Skill      XL: |  1  2  3  4  5  6  7  8  9 10 11 12 13 14 |
---------------+-------------------------------------------+-----
Unarmed Combat | 3 4 5 6 7 9 10 11 13 | 13.8
Fighting       | 3 4 5 6 7 8 9 10 11 12 | 12.0
Throwing       | 2 |  2.0
Dodging        | 3 4 5 7 8 9 |  9.6
Shields        | 3 4 5 7 8 9 |  9.7
Invocations    | 2 6 7 |  7.4

Action                   |  1- 3 |  4- 6 |  7- 9 | 10-12 | 13-15 || total
-------------------------+-------+-------+-------+-------+-------++-------
Melee: Unarmed           |    60 |   111 |   344 |   829 |   688 ||  2032
       Punch             |     2 |     1 |       |       |       ||     3
       Whip              |       |       |       |    43 |       ||    43
       Trident           |       |       |       |       |    19 ||    19
Throw: Dart              |       |    24 |    65 |   102 |    32 ||   223
       Stone             |       |       |    17 |     4 |       ||    21
       Large rock        |       |       |       |       |    12 ||    12
Invok: Lesser Servant of |       |       |       |       |     4 ||     4
  Use: Scroll            |       |     1 |     5 |    12 |    12 ||    30
       Potion            |       |     1 |       |       |    13 ||    14
 Stab: Sleeping          |       |     3 |     1 |       |       ||     4
Armor: Robe              |    19 |    24 |   113 |   106 |    53 ||   315
       Troll leather arm |       |       |       |   391 |   126 ||   517
       Gold dragon scale |       |       |       |       |    61 ||    61
       Ice dragon scales |       |       |       |       |    28 ||    28
Dodge: Dodged            |    19 |    36 |   120 |   527 |   253 ||   955
Block: Kite shield       |       |       |    99 |   495 |   306 ||   900
